Map: Eternal Empire LE

Players

AgoElazer (Elazer) - Winner!

  • Race: Zerg Zerg
  • Spawn Location: 1:00

SortOf

  • Race: Zerg Zerg
  • Spawn Location: 7:00

Event: StayAtHomestory Cup #1

VOD

Have the link to the VOD?

Description

Time

  • Played on: April 11, 2020, 12:53 p.m.
  • Length: 10:34

All games in this series

Show
View Real Time Build Order
Export as new Build Order

AgoElazer Zerg - Winner!

Build Orders: Hatch First, Muta Ling Bane 

Get SALT Encoding   

  12  0:00  Drone  
  13  0:12  Overlord  
  13  0:18  Drone  
  14  0:31  Drone x2  
  16  0:49  Hatchery  
  15  0:52  Drone  
  15  0:56  Drone  
  17  0:59  Drone  
  18  1:10  Extractor  
  17  1:14  Spawning Pool  
  17  1:17  Drone  
  17  1:21  Drone  
  18  1:28  Drone  
  19  1:39  Drone  
  20  1:50  Drone  
  21  2:01  Queen x2, Drone  
  22  2:02  Drone  
  27  2:10  Metabolic Boost  
  27  2:11  Overlord  
  27  2:13  Drone  
  28  2:29  Drone x2  
  30  2:33  Drone  
  31  2:40  Hatchery  
  31  2:41  Drone  
  31  2:47  Drone x2  
  33  2:52  Baneling Nest  
  33  2:55  Overlord  
  33  2:57  Zergling x2  
  34  3:05  Drone x2  
  34  3:08  Overlord  
  34  3:09  Drone  
  36  3:14  Drone x4  
  36  3:19  Zergling x2  
  42  3:20  Drone  
  42  3:24  Lair  
  42  3:30  Zergling x2  
  42  3:31  Drone  
  44  3:34  Extractor  
  44  3:39  Zergling x2  
  44  3:41  Extractor, Drone  
  45  3:42  Drone x3  
  45  3:45  Drone x2  
  45  3:48  Drone  
  49  3:50  Evolution Chamber  
  49  3:53  Drone  
  49  3:55  Overlord  
  49  3:57  Drone  
  49  4:00  Queen  
  52  4:03  Extractor, Drone x2  
  52  4:06  Zergling x2  
  54  4:14  Drone x3  
  54  4:16  Zerg Melee Weapons Level 1  
  57  4:20  Drone x4  
  61  4:28  Spire  
  61  4:30  Overlord  
  60  4:33  Zergling x6  
  60  4:37  Zergling x2  
  60  4:38  Zergling x2  
  65  4:42  Zergling x2  
  66  4:46  Baneling x2  
  66  4:48  Overlord  
  66  4:50  Drone x2  
  66  4:52  Extractor  
  67  4:53  Extractor  
  67  4:55  Drone x5  
  74  5:00  Drone x3  
  74  5:10  Overlord  
  72  5:15  Overlord  
  72  5:20  Drone x2  
  74  5:22  Overlord  
  74  5:24  Drone x6  
  79  5:40  Mutalisk x5  
  79  5:41  Hatchery  
  88  5:44  Mutalisk  
  90  5:50  Zerg Flyer Weapons Level 1  
  90  5:51  Mutalisk  
  90  5:52  Mutalisk  
  90  5:54  Mutalisk  
  90  5:56  Mutalisk  
  98  5:58  Drone  
  98  6:00  Mutalisk  
  98  6:03  Drone x4  
  105  6:10  Overlord  
  105  6:11  Overlord  
  105  6:18  Overlord  
  105  6:22  Drone  
  105  6:25  Unknown  
  105  6:27  Drone  
  105  6:28  Overlord  
  105  6:29  Zerg Melee Weapons Level 2  
  105  6:30  Mutalisk x2  
  105  6:32  Drone x2  
  112  6:35  Drone x2  
  112  6:36  Drone x2  
  112  6:38  Drone  
  117  6:41  Hatchery  
  117  6:42  Drone x4  
  120  6:48  Mutalisk x2  
  120  6:54  Mutalisk x3  
  130  7:02  Mutalisk  
  130  7:05  Zergling x20  
  130  7:07  Centrifical Hooks  
  142  7:14  Mutalisk  
  144  7:18  Overseer  
  144  7:20  Overlord  
  144  7:27  Overlord x2  
  144  7:35  Overlord  
  144  7:40  Mutalisk x4  
  144  7:43  Overlord x2  
  152  7:44  Baneling x10  
  152  7:49  Zergling x18  
  161  7:52  Zerg Flyer Weapons Level 2  
  161  7:56  Mutalisk  
  163  7:59  Drone x7  
  163  8:04  Unknown  
  169  8:15  Zergling x2  
  169  8:16  Zergling x20  
  180  8:22  Mutalisk x3  
  186  8:31  Mutalisk x4  
  186  8:33  Zergling x6  
  193  8:42  Zergling x10  
  193  8:47  Infestation Pit  
  195  8:49  Mutalisk  
  195  8:52  Pneumatized Carapace  
  195  8:53  Overlord  
  197  8:57  Evolution Chamber  
  197  8:58  Hatchery  
  197  8:59  Hydralisk Den  
  194  9:05  Baneling x9  
  194  9:06  Baneling x5  
  192  9:12  Zergling x20  
  200  9:22  Zergling x2  
  200  9:23  Zergling x24  
  197  9:26  Baneling  
  197  9:27  Baneling x15  
  195  9:34  Mutalisk x3  
  195  9:40  Zergling x8  
  195  9:41  Zergling x8  
  195  9:48  Drone x2  
  197  9:55  Drone x2  
  179  10:09  Zergling x10  
  179  10:10  Zergling x6  
Show
View Real Time Build Order
Export as new Build Order

SortOf Zerg 

Build Orders: Hatch First, Lurkers 

Get SALT Encoding   

  12  0:01  Drone  
  13  0:13  Overlord  
  13  0:17  Drone  
  14  0:32  Drone x2  
  16  0:48  Hatchery  
  15  0:51  Drone  
  15  0:55  Drone  
  17  0:58  Drone  
  18  1:10  Extractor  
  17  1:14  Spawning Pool  
  17  1:17  Drone  
  17  1:20  Drone  
  18  1:29  Drone  
  19  1:39  Drone  
  20  1:50  Drone  
  21  2:00  Queen x2  
  25  2:03  Overlord  
  25  2:05  Drone  
  26  2:11  Drone  
  26  2:12  Drone  
  26  2:15  Metabolic Boost  
  28  2:24  Drone x2  
  30  2:34  Hatchery  
  29  2:38  Drone x2  
  31  2:44  Overlord  
  31  2:46  Drone  
  32  2:51  Baneling Nest  
  32  2:57  Drone x2  
  33  3:05  Queen  
  35  3:06  Zergling x4  
  35  3:11  Drone x2  
  39  3:13  Drone  
  39  3:18  Overlord  
  40  3:21  Drone x2  
  40  3:23  Zergling x2  
  43  3:33  Drone  
  44  3:35  Evolution Chamber  
  44  3:37  Drone x2  
  44  3:40  Drone  
  46  3:43  Drone  
  46  3:45  Drone x2  
  50  3:48  Drone  
  50  3:51  Overlord  
  50  3:55  Drone  
  50  4:01  Roach Warren, Zerg Missile Weapons Level 1  
  50  4:02  Extractor, Overlord  
  49  4:05  Drone  
  49  4:06  Baneling  
  49  4:08  Drone x2  
  51  4:15  Drone x6  
  57  4:20  Lair  
  57  4:24  Drone x3  
  57  4:27  Zergling x4  
  61  4:32  Drone x3  
  61  4:34  Extractor  
  61  4:36  Queen  
  65  4:41  Zergling x2  
  65  4:42  Zergling x4  
  65  4:44  Baneling  
  68  4:46  Drone x2  
  68  4:47  Overlord  
  68  4:48  Drone  
  68  4:49  Drone  
  72  4:55  Queen  
  72  4:57  Overlord  
  72  4:59  Spine Crawler, Baneling x2  
  73  5:00  Extractor, Overlord  
  73  5:02  Baneling x2  
  73  5:03  Baneling  
  73  5:05  Overlord  
  72  5:08  Roach x2  
  72  5:13  Roach x3  
  80  5:17  Overlord  
  80  5:18  Drone x2  
  80  5:20  Drone  
  80  5:21  Drone  
  84  5:29  Drone x5  
  84  5:30  Hydralisk Den  
  84  5:31  Overlord  
  84  5:33  Pneumatized Carapace  
  84  5:35  Drone  
  89  5:38  Overseer  
  89  5:39  Roach  
  89  5:41  Drone x3  
  94  5:43  Extractor  
  94  5:45  Queen  
  94  5:47  Drone x2  
  97  5:51  Extractor  
  97  5:53  Drone x2, Queen  
  100  5:58  Drone x2  
  102  6:06  Spore Crawler x2  
  102  6:07  Lurker Den, Muscular Augments  
  102  6:10  Spore Crawler  
  102  6:11  Spore Crawler  
  97  6:14  Spore Crawler x2  
  97  6:16  Spore Crawler x2  
  93  6:20  Drone  
  94  6:27  Drone x2  
  94  6:31  Spore Crawler, Hatchery  
  94  6:32  Spore Crawler, Hydralisk  
  95  6:34  Drone x2  
  95  6:35  Spore Crawler, Drone  
  97  6:42  Drone x2  
  97  6:43  Hydralisk  
  101  6:51  Hydralisk  
  102  6:54  Hatchery, Extractor  
  102  6:57  Overseer  
  102  7:00  Drone x2  
  102  7:02  Infestation Pit  
  102  7:04  Overlord  
  102  7:06  Hatchery  
  102  7:07  Overlord  
  101  7:14  Hydralisk x2  
  101  7:15  Spore Crawler  
  104  7:17  Lurker  
  104  7:18  Overlord  
  105  7:25  Drone x3  
  105  7:27  Lurker x2  
  110  7:30  Spore Crawler, Grooved Spines  
  110  7:31  Spore Crawler  
  110  7:32  Drone x2  
  110  7:39  Drone  
  110  7:40  Lurker x2  
  110  7:42  Drone  
  114  7:46  Hive  
  114  7:47  Overlord  
  114  7:49  Hydralisk x2  
  118  7:52  Drone x3  
  118  7:55  Overlord  
  118  7:56  Hydralisk  
  123  8:03  Hydralisk x2  
  123  8:04  Spore Crawler  
  126  8:06  Overlord  
  126  8:07  Hydralisk  
  128  8:15  Evolution Chamber  
  128  8:16  Overlord  
  128  8:17  Spore Crawler, Roach Warren  
  128  8:18  Lurker  
  126  8:21  Overlord  
  126  8:22  Drone x5  
  126  8:26  Overlord  
  131  8:27  Evolution Chamber  
  131  8:28  Hydralisk  
  131  8:31  Hydralisk  
  134  8:34  Overlord  
  134  8:37  Roach Warren, Hydralisk  
  134  8:45  Drone  
  134  8:46  Unknown  
  134  8:47  Spore Crawler, Roach Warren  
  130  8:52  Spore Crawler  
  129  8:57  Lurker  
  129  8:58  Drone  
  129  8:59  Lurker  
  129  9:00  Viper  
  129  9:01  Viper x2  
  129  9:02  Hydralisk  
  141  9:07  Hydralisk  
  145  9:10  Hydralisk x2  
  145  9:13  Spore Crawler  
  145  9:15  Spore Crawler  
  145  9:16  Lurker  
  148  9:19  Hydralisk  
  122  9:24  Drone  
  122  9:25  Drone x6  
  122  9:30  Hydralisk x4  
  129  9:34  Hydralisk  
  129  9:35  Hydralisk  
  129  9:36  Zergling x2  
  125  9:38  Zergling x4  
  125  9:42  Roach  
  121  9:48  Lurker x2  
  121  9:49  Hydralisk  
  112  10:01  Hydralisk  
  112  10:04  Hydralisk x2  
  104  10:08  Hydralisk  
  104  10:10  Hydralisk  
Tags
 
Add a new tag
Caveats
  • Supply blocks, unpowered buildings, or Contaminate may cause inaccurate times.
  • Supply counts are checked every 10 seconds.